 Dungeon Crawl Stone Soup version 0.29-a0-96-g93358da72b (webtiles) character file.

Game seed: 5375263004456329721

51 cyrus the Poker (level 3, 0/30 HPs)
             Began as a Merfolk Fighter on Feb 11, 2022.
             Was a Follower of Ru.
             Succumbed to an adder's poison
             ... on level 2 of the Dungeon.
             The game lasted 00:04:16 (1804 turns).

cyrus the Poker (Merfolk Fighter)                   Turns: 1804, Time: 00:04:17

Health: 0/30       AC:  6    Str: 18    XL:     3   Next: 83%
Magic:  3/3        EV:  9    Int:  7    God:    Ru [*.....]
Gold:   115        SH:  4    Dex: 13    Spells: 2/2 levels left

rFire   . . .      SeeInvis .   a - +0 trident
rCold   . . .      Faith    .   c - +0 buckler
rNeg    . . .      Spirit   .   b - +0 scale mail
rPois   .          Reflect  .   (no helmet)
rElec   .          Harm     .   (no cloak)
rCorr   .          Rampage  .   (no gloves)
Will    .....                   (no boots)
Stlth   ..........              (no amulet)
HPRegen 0.10/turn               (no ring)
MPRegen 0.08/turn               (no ring)

@: lethally poisoned (0 -> -4)
A: hated by all, (nimble swimmer 2), mertail
a: Renounce Religion


You were on level 2 of the Dungeon.
You worshipped Ru.
Ru was aware of your devotion.
You visited 1 branch of the dungeon, and saw 2 of its levels.

You collected 115 gold pieces.

Inventory:

Hand Weapons
 a - a +0 trident (weapon)
Armour
 b - a +0 scale mail (worn)
 c - a +0 buckler (worn)
Jewellery
 d - a +6 ring of intelligence
Scrolls
 e - a scroll of blinking {unknown}
Potions
 f - a potion of flight {unknown}
 g - a potion of curing {unknown}


   Skills:
 + Level 3.7 Fighting
 + Level 4.0 Polearms
 + Level 2.5 Armour
 + Level 1.1 Dodging
 + Level 3.2 Shields


You had 2 spell levels left.
You didn't know any spells.
Your spell library contained the following spells:

 Spells                   Type           Power      Damage    Failure   Level
 Pain                     Necr           0%         1d4       89%         1
 Slow                     Hex            0%         N/A       89%         1
 Confusing Touch          Hex            0%         N/A       99%         3
 Vampiric Draining        Necr           0%         2d6       99%         3
 Animate Skeleton         Necr           Unusable   N/A       N/A         1

Dungeon Overview and Level Annotations

Branches:
Dungeon (2/15)

Altars:
Ru


Innate Abilities, Weirdness & Mutations

You are hated by all.
((You are very nimble when in or above water. (Stealth+, EV+, Speed+++)))
Your lower body shifts to a powerful aquatic tail in water.


Message History

The adder poisons you!
You miss the adder.
The adder is heavily wounded.
You feel sick. You block the adder's attack.
The adder bites you but does no damage. The hobgoblin barely misses you.
The adder barely misses you.
You hit the adder but do no damage.
The adder is heavily wounded.
You feel sick. The adder barely misses you.
The adder bites you but does no damage. The hobgoblin closely misses you.
The adder bites you but does no damage.
You barely miss the adder.
The adder is heavily wounded.
You feel sick. The adder barely misses you. You block the hobgoblin's attack.
The adder closely misses you. x2
The hobgoblin hits you but does no damage.
You completely miss the adder.
The adder is heavily wounded.
You feel sick. The adder completely misses you. The adder bites you.
* * * LOW HITPOINT WARNING * * *
The adder is stunned by your conviction and fails to attack.
You block the hobgoblin's attack. The adder bites you but does no damage.
You closely miss the adder.
The adder is heavily wounded.
You feel sick. The adder closely misses you. x2
You redirect the adder's attack!
The adder bites itself.
The hobgoblin hits you.
* * * LOW HITPOINT WARNING * * *
You hit the adder.
The adder is heavily wounded.
You feel sick.
You are no longer poisoned.
You block the adder's attack. The adder completely misses you.
The hobgoblin hits you but does no damage.
The adder bites you but does no damage. The adder bites you.
* * * LOW HITPOINT WARNING * * *
You are lethally poisoned!
The adder poisons you!
Unknown command.
You die...

## ...... .... ......
...# ........# .. ...#
........# ... ...# ...
...######.... ...# #.#
#.##........ ...# #.#
#.S/@....... ...# #.#
#.gS........
...####.#####...........
........................
....#...########........
#.†........# #........
#..........# #........
#..........# #........
#..........# ###....


You could see 2 adders and a hobgoblin.

Vanquished Creatures
  2 dart slugs (D:1)
  3 endoplasms (D:1)
  4 giant cockroaches
  10 goblins
  3 hobgoblins
  4 quokkas
  2 ball pythons
  4 bats (D:1)
  2 frilled lizards (D:1)
  3 kobolds (D:1)
  4 rats
41 creatures vanquished.

Notes
Turn   | Place    | Note
-------+----------+-------------------------------------------
     0 | D:1      | cyrus the Merfolk Fighter began the quest for the Orb.
     0 | D:1      | Reached XP level 1. HP: 18/18 MP: 1/1
    24 | D:1      | Reached XP level 2. HP: 16/24 MP: 2/2
   560 | D:1      | Reached XP level 3. HP: 11/29 MP: 3/3
   915 | D:1      | Found a faded altar of an unknown god.
   936 | D:1      | Prayed at the altar of an unknown god.
   936 | D:1      | Became a worshipper of Ru the Awakened
   945 | D:1      | Gained mutation: You are hated by all. [Ru sacrifice]
   945 | D:1      | Reached * piety under Ru
  1433 | D:1      | Reached skill level 1 in Dodging
  1772 | D:2      | Reached skill level 4 in Polearms
  1803 | D:2      | HP: 1/30 [adder (2)]
  1804 | D:2      | Succumbed to an adder's poison

Illustrated notes

Levels and vault maps discovered:
D:1:      dpeg_arrival_arbitrary_c, layout_basic, ebering_ecumenical_altar_rust,
          nrook_mini_backslash, minmay_misc_feat_square
D:2:      layout_basic, uniq_natasha

Skill      XL: |  1  2  3 |
---------------+----------+-----
Dodging        | 1 |  1.1
Polearms       | 4 |  4.0
Fighting       | |  3.7
Armour         | |  2.5
Shields        | |  3.2

Action                   || total
-------------------------++-------
Melee: Trident           ||   115
Invok: Sacrifice Love    ||     1
  Use: Potion            ||     1
Armor: Scale mail        ||   131
Dodge: Dodged            ||   108
Block: Buckler           ||    54

Table legend: (Time is in decaauts)
 A = Elapsed time spent in this place.
 B = Non-inter-level travel time spent in this place.
 C = Inter-level travel time spent in this place.
 D = Time resting spent in this place.
 E = Time spent auto-exploring this place.
 F = Levels seen in this place.
 G = Mean time per level.
                   A        B        C        D        E       F      G
               +--------+--------+--------+--------+--------+-----+--------+
         Total |   1822 |   1783 |     39 |    680 |    733 |   2 |  911.0 |
       Dungeon |   1822 |   1783 |     39 |    680 |    733 |   2 |  911.0 |
               +--------+--------+--------+--------+--------+-----+--------+

Top non-repeatable levels by time:
     D:1: 1659 daAuts
     D:2: 162 daAuts
